 Dungeon Crawl Stone Soup version 0.19.1 (webtiles) character file.

57267 Gargoyl the Corrupter of Planes (level 14, -4/119 HPs)
             Began as a Ghoul Abyssal Knight on Dec 9, 2016.
             Was the Champion of Lugonu.
             Slain by Sonja
             ... wielding a +2 short sword of distortion
              (15 damage)
             ... on level 13 of the Dungeon on Dec 10, 2016.
             The game lasted 00:56:10 (22270 turns).

Gargoyl the Corrupter of Planes (GhAK)             Turns: 22270, Time: 00:56:11

Health: -4/119     AC: 29    Str: 31    XL:     14   Next: 85%
Magic:  22/22      EV:  6    Int:  7    God:    Lugonu [******]
Gold:   1464       SH: 20    Dex: 11    Spells: 0 memorised, 13 levels left

rFire  + . .     SeeInvis .     K - +1 hand axe (flame)
rCold  + . .     Gourm    .     Q - +4 plate armour {rF+}
rNeg   + + +     Faith    .     V - +1 large shield "Wom Gahu" {rElec Str+10 Stlth-}
rPois  ∞         Spirit   .     f - +0 helmet
rElec  +         Reflect  .     B - +0 cloak
rCorr  .         Harm     .     M - +2 pair of gloves
MR     .....                    e - +2 pair of boots
Stlth  ..........               (no amulet)
                                Z - +3 ring of strength
                                H - ring of Piclagy {rPois MR- Slay+5}

@: rotting, studying Maces & Flails
A: rotting body, claws 1, carnivore 3, cold resistance 1, negative energy
resistance 3, slow regeneration 1, torment resistance, unbreathing
a: Depart the Abyss, Bend Space, Banish, Corrupt, Enter the Abyss, Brand Weapon
With Distortion, Renounce Religion


You were on level 13 of the Dungeon.
You worshipped Lugonu.
Lugonu was exalted by your worship.
You were not hungry.

You visited 2 branches of the dungeon, and saw 19 of its levels.
You visited the Abyss 1 time.
You also visited: Labyrinth and Sewer.

You collected 1549 gold pieces.
You spent 85 gold pieces at shops.

Inventory:

Hand Weapons
 s - a +1 vampiric spear
 v - a +1 hand axe of chopping
 y - the +4 mace of Extermination {crush, rElec}
   (You found it on level 6 of the Dungeon)

   It inflicts extra damage upon your enemies.
   It insulates you from electricity.
 F - a +1 trident of venom
 I - a +0 war axe
 K - a +1 hand axe of flaming (weapon)
Missiles
 d - 18 javelins (quivered)
Armour
 e - a +2 pair of boots (worn)
 f - a +0 helmet (worn)
 B - a +0 cloak (worn)
 M - a +2 pair of gloves (worn)
 Q - a +4 plate armour of fire resistance (worn)
 V - the +1 large shield "Wom Gahu" (worn) {rElec Str+10 Stlth-}
   (You acquired it on level 4 of the Lair of Beasts)

   It affects your strength (+10).
   It insulates you from electricity.
   It makes you less stealthy.
Jewellery
 G - an uncursed ring of flight
 H - the ring of Piclagy (left hand) {rPois MR- Slay+5}
   (You found it on level 8 of the Dungeon)

   [ring of poison resistance]

   It affects your accuracy and damage with ranged weapons and melee attacks
   (+5).
   It protects you from poison.
   It affects your resistance to hostile enchantments.
 J - an uncursed ring of protection from cold {unknown}
 T - an uncursed ring of resist corrosion
 Z - a +3 ring of strength (right hand)
Wands
 g - a wand of paralysis (17/24)
 r - a wand of slowing (23/48)
 C - a wand of confusion (24/48)
 O - a wand of flame (34/48)
Scrolls
 k - 8 scrolls of remove curse
 l - 2 scrolls of magic mapping
 m - 4 scrolls of recharging
 o - 3 scrolls of teleportation
 u - a scroll of fog
 E - 3 scrolls of amnesia
 L - 2 scrolls of enchant weapon
 N - 5 scrolls of identify
Potions
 b - 2 potions of cancellation
 h - a potion of ambrosia
 i - a potion of haste
 t - 3 potions of brilliance
 w - 2 potions of curing
 z - 5 potions of agility
 A - 2 potions of flight
Books
 a - a manual of Maces & Flails
 D - a book of Changes

   Spells                             Type                      Level
   a - Beastly Appendage              Transmutation                1
   b - Sticks to Snakes               Transmutation                2
   c - Spider Form                    Transmutation/Poison         3
   d - Ice Form                       Ice/Transmutation            4
   e - Blade Hands                    Transmutation                5
Miscellaneous
 S - a box of beasts
Comestibles
 c - 9 meat rations
 j - 11 beef jerkies
 p - 4 royal jellies
 q - 16 slices of pizza


   Skills:
 + Level 9.6 Fighting
 + Level 8.7(10.4) Axes
 + Level 9.1(10.6) Maces & Flails
 + Level 0.1 Throwing
 * Level 11.8 Armour
 + Level 1.6 Dodging
 + Level 1.7 Stealth
 + Level 10.4 Shields
 * Level 12.3 Invocations
 + Level 0.1 Evocations


You had 13 spell levels left.
You didn't know any spells.

Dungeon Overview and Level Annotations

Branches:
Dungeon (13/15)            Temple (0/1) D:6            Lair (6/6) D:9
  Swamp (0/4) Lair:2        Snake (0/4) Lair:2        Slime (0/5) Lair:5
    Orc (0/2) D:11
 Vaults: D:13-14

Altars:
Ashenzari
Cheibriados
Dithmenos
Elyvilon
Fedhas
Hepliaklqana
Kikubaaqudgha
Nemelex Xobeh
Okawaru
Qazlal
Ru
Sif Muna
Trog
Uskayaw
The Shining One

Shops:
D:10 *   D:11 %

Annotations:
D:13 Sonja


Innate Abilities, Weirdness & Mutations

Your body is rotting away.
You thrive on raw meat.
You are immune to poison.
You have sharp fingernails.
You are carnivorous and can eat meat at any time.
Your flesh is cold resistant. (rC+)
You are immune to negative energy. (rN+++)
You regenerate slowly when monsters are visible.
You are immune to unholy pain and torment.
You can survive without breathing.


Message History

The vampire mosquito bites you.
* * * LOW HITPOINT WARNING * * *
You block the centaur warrior's attack.
The vampire mosquito bites you but does no damage.
You slash the centaur warrior! You burn the centaur warrior.
The centaur warrior is moderately wounded.
You miss the vampire mosquito.
The centaur warrior hits you but does no damage.
You block the vampire mosquito's attack.
You block the centaur warrior's attack. The vampire mosquito barely misses you.
You slash the centaur warrior! You burn the centaur warrior.
The centaur warrior is heavily wounded.
Your shield and plate armour prevent you from hitting the vampire mosquito.
You slash Sonja! You burn Sonja.
You block the vampire mosquito's attack.
You block the centaur warrior's attack. You block Sonja's attack.
Sonja hits you but does no damage. Space warps horribly around you!
* * * LOW HITPOINT WARNING * * *
Sonja hits you but does no damage. Space warps horribly around you!
You die...

..######### #.##.#####.###.###
.## #####....)###.## #.# # .#
#..>.........## #.# # .#
#.#.......########.###
.###########.#.###..<.....(.>....
.............#.# #........(...#.#
.#####.####..#.###...#####(...#.#
.# #.## #....c.K.#.# #(####.# .#
#..###...##@#.#.# #(# #).. .#
#.........y(#.#.# #(# #...
.#####.####..#####.#.### #.# #...
....((.# #..# #.#...# #.# #.##
.##(#######..# #.###.# #.# #.#
.##(..((..c..# #.# #.###.###.#
.#######.###[# ##[###....#.##.##
.# #.# #.####......<.###..... ##
#y# #............#.#.##.##


You could see a centaur warrior, Sonja and a vampire mosquito.

Vanquished Creatures
  Josephine (Lair:5)
  7 hydras
  3 centaur warriors (D:13)
  4 catoblepae
  A tengu warrior (D:10)
  13 death yaks
  A shock serpent (Lair:2)
  An orange crystal statue (D:10)
  A hill giant (D:10)
  An oklob plant (Lair:5)
  An ugly thing (D:12)
  6 elephants
  2 cyclopes (D:11)
  The ghost of veneficus the Basher, a novice MiBe of Trog (D:6)
  A black mamba (Lair:6)
  An ice statue (D:10)
  8 spiny frogs
  A centaur skeleton (D:13)
  A gargoyle (D:10)
  2 yaktaurs (D:13)
  5 komodo dragons
  4 trolls
  A polar bear (Lair:6)
  11 blink frogs
  A hornet (D:10)
  Prince Ribbit (D:5)
  2 dream sheep (D:9)
  4 hippogriffs
  2 vampires (D:11)
  A redback (shapeshifter) (D:13)
  5 wraiths
  46 yaks
  A shadow (D:12)
  2 wyverns
  3 vampire mosquitoes (D:13)
  Menkaure (D:7)
  A hungry ghost (D:11)
  Edmund (D:5)
  Duvessa (D:6)
  9 water moccasins
  4 porcupines
  3 orc warriors
  4 black bears
  A swamp drake (D:11)
  4 ice beasts
  3 phantoms
  A sky beast (D:10)
  11 ogres
  25 wolves
  3 centaurs
  The ghost of Gwiny the Grave Robber, an amateur DsNe (D:3)
  11 big kobolds
  10 crocodiles
  17 bullfrogs
  A water moccasin zombie (D:12)
  Dowan (D:6)
  A gnoll sergeant (D:7)
  2 scorpions
  12 killer bees
  3 howler monkeys
  6 electric eels
  4 wights
  6 crimson imps
  2 centaur zombies
  A bullfrog zombie (D:9)
  A quasit (D:11)
  8 orc priests
  Crazy Yiuf (D:6)
  4 hounds
  3 jellies
  5 bullfrog skeletons
  16 orc wizards
  5 iguanas
  7 worker ants
  A killer bee zombie (D:7)
  A howler monkey zombie (D:9)
  A worker ant zombie (D:9)
  17 gnolls
  13 adders
  A river rat (D:6)
  3 shadow imps
  An ooze (D:5)
  2 adder zombies
  2 worms
  A dart slug (D:2)
  4 leopard geckos
  56 orcs
  8 bats
  6 giant cockroaches
  9 goblins
  4 hobgoblins
  10 jackals
  5 quokkas
  3 ball pythons
  4 frilled lizards
  47 kobolds
  A leopard gecko skeleton (D:5)
  11 rats
  A fungus (Lair:5)
558 creatures vanquished.

Vanquished Creatures (others)
  3 slime creatures
  2 oklob plants (Lair:5)
  An orc warrior (D:7)
  A fungus (Lair:5)
  9 plants
16 creatures vanquished.

Grand Total: 574 creatures vanquished

Notes
Turn   | Place    | Note
-------+----------+-------------------------------------------
     0 | Abyss:1  | Gargoyl the Ghoul Abyssal Knight began the quest for the Orb.
     0 | Abyss:1  | Reached XP level 1. HP: 19/19 MP: 1/1
   137 | Abyss:1  | Found a corrupted altar of Lugonu.
   143 | Abyss:1  | Noticed a starcursed mass
   144 | D:1      | Escaped the Abyss
   161 | D:1      | Reached * piety under Lugonu
   253 | D:1      | Reached XP level 2. HP: 26/26 MP: 2/2
   706 | D:1      | Reached XP level 3. HP: 33/33 MP: 3/3
   708 | D:1      | Reached skill level 1 in Dodging
  1331 | D:2      | Noticed a hand axe
  1332 | D:2      | Noticed a dagger
  1333 | D:2      | Found a hide-covered altar of Uskayaw.
  1613 | D:2      | Reached XP level 4. HP: 38/40 MP: 4/4
  1845 | D:3      | Noticed Gwiny's ghost (amateur DsNe)
  1946 | D:3      | Killed Gwiny's ghost
  1946 | D:3      | Reached skill level 3 in Invocations
  1946 | D:3      | Reached XP level 5. HP: 42/47 MP: 6/6
  2147 | D:3      | Reached skill level 1 in Maces & Flails
  2166 | D:3      | Found a shattered altar of Ashenzari.
  2204 | D:3      | Found a white marble altar of Elyvilon.
  2224 | D:3      | Reached ** piety under Lugonu
  2344 | D:3      | Found a deep blue altar of Sif Muna.
  3033 | D:4      | Reached XP level 6. HP: 53/53 MP: 7/7
  3378 | D:4      | Found an iron altar of Okawaru.
  3378 | D:4      | Found a bloodstained altar of Trog.
  3479 | D:4      | Found a sacrificial altar of Ru.
  3709 | D:5      | Entered Level 5 of the Dungeon
  3743 | D:5      | Found a hazy altar of Hepliaklqana.
  3743 | D:5      | Noticed Prince Ribbit
  4338 | D:5      | Found a sparkling altar of Nemelex Xobeh.
  4352 | D:5      | Reached XP level 7. HP: 60/60 MP: 8/8
  4539 | D:5      | Killed Prince Ribbit
  4539 | D:5      | Reached skill level 1 in Shields
  4539 | D:5      | Reached skill level 4 in Invocations
  4616 | D:5      | Noticed Edmund
  4638 | D:5      | Killed Edmund
  4638 | D:5      | Reached skill level 5 in Armour
  4782 | D:5      | Reached XP level 8. HP: 54/67 MP: 10/10
  4901 | D:5      | Found a bloodstained altar of Trog.
  5111 | D:5      | Reached *** piety under Lugonu
  5138 | D:6      | Found an ancient bone altar of Kikubaaqudgha.
  5163 | D:6      | Reached skill level 5 in Fighting
  5231 | D:6      | Reached skill level 5 in Invocations
  5526 | D:6      | Found a glowing drain.
  5530 | Sewer    | Entered a sewer
  5870 | Sewer    | Reached **** piety under Lugonu
  5952 | D:6      | Found a runed door.
  5955 | D:6      | Got a slimy mace
  5961 | D:6      | Identified the +4 mace of Extermination {crush, rElec} (You found it on level 6 of the Dungeon)
  5962 | D:6      | Noticed Crazy Yiuf
  5968 | D:6      | Killed Crazy Yiuf
  5968 | D:6      | Reached XP level 9. HP: 65/74 MP: 12/12
  6078 | D:6      | Found a staircase to the Ecumenical Temple.
  6221 | D:6      | Noticed veneficus's ghost (novice MiBe)
  6222 | D:6      | Noticed Duvessa
  6256 | D:6      | Killed veneficus's ghost
  6256 | D:6      | Reached skill level 6 in Invocations
  6262 | D:6      | Noticed Dowan
  6292 | D:6      | Killed Duvessa
  6292 | D:6      | Reached skill level 5 in Maces & Flails
  6301 | D:6      | Killed Dowan
  7126 | D:7      | Reached XP level 10. HP: 79/83 MP: 14/14
  7159 | D:7      | Reached skill level 5 in Shields
  7303 | D:7      | Reached skill level 7 in Invocations
  7397 | D:7      | Noticed Menkaure
  7402 | D:7      | Killed Menkaure
  7952 | D:7      | Reached ***** piety under Lugonu
  8218 | D:8      | Got a bound glass ring
  8219 | D:8      | Identified the ring of Piclagy {rPois MR- Slay+5} (You found it on level 8 of the Dungeon)
  8359 | D:8      | Found a snail-covered altar of Cheibriados.
  9384 | D:9      | Found a staircase to the Lair.
  9384 | D:9      | Noticed an elephant
  9402 | D:9      | Killed an elephant
  9451 | D:9      | Found a shadowy altar of Dithmenos.
  9516 | D:9      | Found a stormy altar of Qazlal.
  9735 | D:9      | Found a glowing golden altar of the Shining One.
  9844 | D:9      | Reached skill level 8 in Invocations
  9848 | D:9      | Reached XP level 11. HP: 87/90 MP: 14/16
  9898 | D:9      | Noticed a three-headed hydra
  9905 | D:9      | Killed a three-headed hydra
 10162 | D:10     | Entered Level 10 of the Dungeon
 10619 | D:10     | Found Waaph's General Store.
 10713 | D:10     | Bought a potion of heal wounds for 85 gold pieces
 10778 | D:10     | Noticed a tengu warrior
 10788 | D:10     | Killed a tengu warrior
 10838 | D:10     | Noticed a hill giant
 10844 | D:10     | Killed a hill giant
 11109 | D:10     | Found a blossoming altar of Fedhas.
 11134 | D:10     | Noticed an orange crystal statue
 11587 | D:10     | Killed an orange crystal statue
 11867 | Lair:1   | Entered Level 1 of the Lair of Beasts
 12166 | Lair:1   | Reached ****** piety under Lugonu
 12191 | Lair:1   | Found a labyrinth entrance.
 12222 | Lab      | Entered a labyrinth
 12394 | Lab      | Noticed a minotaur
 12415 | Lab      | Banished a minotaur
 12415 | Lab      | Reached skill level 9 in Invocations
 12630 | Lair:1   | Reached XP level 12. HP: 100/100 MP: 17/17
 12982 | Lair:2   | Found a staircase to the Snake Pit.
 12996 | Lair:2   | Found a staircase to the Swamp.
 13076 | Lair:2   | Noticed a shock serpent
 13089 | Lair:2   | Killed a shock serpent
 13662 | Lair:3   | Noticed a catoblepas
 13687 | Lair:4   | Reached skill level 1 in Stealth
 13895 | Lair:3   | Reached skill level 10 in Armour
 13920 | Lair:3   | Killed a catoblepas
 13980 | Lair:4   | Reached skill level 10 in Invocations
 14863 | Lair:4   | Noticed a six-headed hydra
 14873 | Lair:4   | Killed a six-headed hydra
 14873 | Lair:4   | Reached XP level 13. HP: 48/107 MP: 19/19
 15186 | Lair:4   | Identified a scroll of acquirement
 15187 | Lair:4   | Got a pitted large shield
 15198 | Lair:4   | Identified the +1 large shield "Wom Gahu" {rElec Str+10 Stlth-} (You acquired it on level 4 of the Lair of Beasts)
 15751 | Lair:5   | Reached skill level 5 in Axes
 15752 | Lair:5   | Noticed Josephine
 15764 | Lair:5   | Killed Josephine
 16055 | Lair:5   | Found a staircase to the Slime Pits.
 16199 | Lair:5   | Reached skill level 11 in Invocations
 16557 | Lair:6   | Entered Level 6 of the Lair of Beasts
 17760 | Lair:6   | Reached XP level 14. HP: 39/115 MP: 21/21
 19853 | D:11     | Reached skill level 10 in Shields
 19976 | D:11     | Found a staircase to the Orcish Mines.
 20280 | D:11     | Found Tasi's Food Boutique.
 20485 | D:12     | Found a deep blue altar of Sif Muna.
 21500 | D:13     | Reached skill level 12 in Invocations
 21522 | D:13     | Noticed Sonja
 22204 | D:13     | HP: 4/119 [something (2)]
 22270 | D:13     | Slain by Sonja

Skill      XL: |  1  2  3  4  5  6  7  8  9 10 11 12 13 14 |
---------------+-------------------------------------------+-----
Axes           | 2 4 6 8 |  8.7
Armour         | 2 3 4 5 6 8 9 10 11 | 11.8
Dodging        | 1 |  1.6
Fighting       | 4 5 6 7 8 9 |  9.6
Invocations    | 3 4 5 6 8 9 10 11 12 | 12.3
Maces & Flails | 1 2 3 4 5 7 8 9 |  9.1
Shields        | 1 3 4 6 7 8 9 10 | 10.4
Stealth        | 1 |  1.7
Throwing       | |  0.1
Evocations     | |  0.1

Action                   |  1- 3 |  4- 6 |  7- 9 | 10-12 | 13-15 || total
-------------------------+-------+-------+-------+-------+-------++-------
Melee: Whip              |    98 |   200 |   301 |       |       ||   599
       Mace              |       |       |   231 |   756 |    46 ||  1033
       Hand axe          |       |       |       |   172 |  1020 ||  1192
Throw: Javelin           |       |       |     1 |     7 |       ||     8
Invok: Depart the Abyss  |     1 |       |       |       |       ||     1
       Banish            |       |       |       |     4 |     5 ||     9
       Bend Space        |       |       |       |       |     3 ||     3
Evoke: Wand              |       |       |     4 |       |       ||     4
  Use: Scroll            |     6 |     6 |     5 |     4 |    10 ||    31
       Potion            |       |     3 |       |    13 |     5 ||    21
 Stab: Paralysed         |       |       |     5 |       |       ||     5
       Petrified         |       |       |       |     2 |       ||     2
       Petrifying        |       |       |       |     1 |       ||     1
  Eat: Chunk             |    10 |    12 |    23 |    86 |   143 ||   274
Armor: Crystal plate arm |   135 |   164 |   369 |   546 |       ||  1214
       Plate armour      |       |       |       |   291 |   566 ||   857
Dodge: Dodged            |     6 |     3 |    12 |   130 |   143 ||   294
Block: Buckler           |       |    17 |     1 |       |       ||    18
       Large shield      |       |       |   427 |    37 |  1065 ||  1529
       Shield            |       |       |       |   685 |     5 ||   690
